[Event "Titled Tuesday Blitz November 15 Early 2022"]
[White "Yeremyan, Alen"]
[Black "Malka, Samuel"]
[WhiteFideId "13308998"]
[BlackFideId "20643675"]
[WhiteElo "2159"]
[BlackElo "2470"]
[Result "1/2-1/2"]
[Round "07"]
[TimeControl "180+1"]
[Date "2022.11.16"]
[WhiteClock "0:00:11"]
[BlackClock "0:00:06"]

1. h3 d5 2. g3 c5 3. Bg2 e5 4. c4 d4 5. d3 h6 6. Nf3 Nc6 7. O-O Bd6 8. e3 Nge7 9. exd4 exd4 10. b4 Nxb4 11. a3 Nbc6 12. Nbd2 f5 13. Nh4 O-O 14. f4 Kh7 15. Re1 Qc7 16. Ndf3 g6 17. Bd2 Bd7 18. Re2 Rae8 19. Qf1 Ng8 20. Rae1 Rxe2 21. Rxe2 Re8 22. Qe1 Rxe2 23. Qxe2 Nf6 24. Kh1 Qd8 25. Ne5 Nh5 26. Kh2 Bxe5 27. fxe5 Qe7 28. Bxc6 bxc6 29. Ng2 Ng7 30. Nf4 Ne6 31. Nxe6 Qxe6 32. h4 Qe7 33. Bf4 Be6 34. Bc1 Qb7 35. Qd2 Qg7 36. Qe1 Qf7 37. Qa5 g5 38. Qxc5 gxh4 39. gxh4 f4 40. Qxd4 f3 41. Be3 Qf5 42. Qe4 Kg6 43. Qxf5+ Kxf5 44. Bxa7 Kxe5 45. Kg3 Bf5 46. Be3 Bxd3 47. Bxh6 Bxc4 48. Kxf3 Bf7 49. Be3 Kd5 50. Ke2 Kc4 51. Kd2 Kb5 52. Kc3 c5 53. Kd3 c4+ 54. Kd4 Ka4 55. Bc1 Kb3 56. a4 Kxa4 57. Kc3 Kb5 58. Bg5 Kc6 59. Bf6 Kd5 60. Bg5 Bh5 61. Bf4 Bg6 62. Bg5 Bh5 63. Kd2 Bg6 64. Ke3 Bh5 65. Bf6 Bg6 66. Bc3 Bh5 67. Kf4 Bd1 68. Kg5 Be2 69. Bf6 Ke4 70. h5 Bxh5 71. Kxh5 Kd3 72. Kg5 c3 73. Bxc3 1/2-1/2


[Site "https://www.chess.com"]

[Event "Titled Tuesday Blitz November 15 Early 2022"]
[White "Yu, Yangyi"]
[Black "Salinas Herrera, Pablo"]
[WhiteFideId "8603820"]
[BlackFideId "3407128"]
[WhiteElo "2808"]
[BlackElo "2557"]
[Result "1-0"]
[Round "07"]
[TimeControl "180+1"]
[Date "2022.11.15"]
[WhiteClock "0:01:48"]
[BlackClock "0:00:46"]

1. e4 e5 2. Nf3 Nc6 3. Bb5 a6 4. Ba4 Nf6 5. O-O d6 6. Re1 g6 7. d4 Bd7 8. Bxc6 Bxc6 9. dxe5 Nxe4 10. Nbd2 Nxd2 11. Bxd2 Be7 12. exd6 Qxd6 13. Bg5 O-O-O 14. Bxe7 Qxd1 15. Raxd1 Rxd1 16. Rxd1 Re8 17. Bg5 1-0


[Site "https://www.chess.com"]

[Event "Titled Tuesday Blitz November 15 Early 2022"]
[White "Yuan, Qingyu"]
[Black "Biastoch, Bennet"]
[WhiteFideId "8609772"]
[BlackFideId "12939889"]
[WhiteElo "2359"]
[BlackElo "2221"]
[Result "1-0"]
[Round "07"]
[TimeControl "180+1"]
[Date "2022.11.16"]
[WhiteClock "0:00:57"]
[BlackClock "0:00:22"]

1. e4 c5 2. Nf3 Nc6 3. Bc4 e6 4. O-O d5 5. Bb5 a6 6. Bxc6+ bxc6 7. d3 Ne7 8. Qe2 Ng6 9. e5 Be7 10. b3 O-O 11. c4 a5 12. Nc3 f6 13. Ba3 fxe5 14. Nxe5 Nxe5 15. Qxe5 Bf6 16. Qe1 Bd4 17. Rd1 Bd7 18. Na4 Qe7 19. Rc1 Qg5 20. Bxc5 Rf4 21. Bxd4 Rxd4 22. Qe3 Qxe3 23. fxe3 Rxd3 24. Nc5 Rxe3 25. Nxd7 Rd8 26. Nc5 d4 27. Rfe1 e5 28. Rxe3 dxe3 29. Re1 Rd2 30. a3 Ra2 31. a4 e2 32. Kf2 1-0


[Site "https://www.chess.com"]

[Event "Titled Tuesday Blitz November 15 Early 2022"]
[White "Zacurdajev, Dmitry"]
[Black "Nielsen, Viktor Haarmark"]
[WhiteFideId "4196309"]
[BlackFideId "1444492"]
[WhiteElo "2179"]
[BlackElo "2345"]
[Result "0-1"]
[Round "07"]
[TimeControl "180+1"]
[Date "2022.11.16"]
[WhiteClock "0:00:04"]
[BlackClock "0:00:05"]

1. d4 d5 2. c4 c6 3. Nc3 Nf6 4. Nf3 e6 5. Bg5 Nbd7 6. e3 Qa5 7. Qc2 Bb4 8. Nd2 O-O 9. Nb3 Qa4 10. cxd5 exd5 11. Bd3 Re8 12. O-O Bxc3 13. bxc3 Ne4 14. Bxe4 Rxe4 15. f3 Re8 16. e4 dxe4 17. fxe4 c5 18. Qf2 f6 19. e5 Rf8 20. exf6 Nxf6 21. Nxc5 Qc4 22. Qg3 Nd7 23. Bh6 Rf7 24. Rxf7 Qxf7 25. Rf1 Qg6 26. Qxg6 hxg6 27. Nxd7 Bxd7 28. Bg5 Rc8 29. Rf3 Be6 30. a3 Bd5 31. Re3 b5 32. Be7 a6 33. Bc5 Rc7 34. Re8+ Kf7 35. Rf8+ Ke6 36. Re8+ Kf7 37. Re5 Rd7 38. Kf2 Be6 39. g3 Rd5 40. Re3 Rf5+ 41. Ke1 Bc4 42. Kd2 Rf2+ 43. Ke1 Rf1+ 44. Kd2 Rf2+ 45. Kd1 Rxh2 46. Re7+ Kf6 47. Ra7 Kf5 48. Rxg7 Rh1+ 49. Kd2 Rh2+ 50. Ke3 Re2+ 51. Kf3 Ra2 52. g4+ Kg5 53. Be7+ Kh6 54. Rg8 Kh7 55. Rf8 Kg7 56. Rb8 Kf7 57. Rb7 Bd5+ 58. Kf4 Bxb7 59. Bc5 Bd5 60. Kg5 Bc4 0-1


[Site "https://www.chess.com"]

[Event "Titled Tuesday Blitz November 15 Early 2022"]
[White "Zeydan, Salih"]
[Black "Osiecki, Stanislaw"]
[WhiteFideId "6361722"]
[BlackFideId "1102990"]
[WhiteElo "1988"]
[BlackElo "2088"]
[Result "1-0"]
[Round "07"]
[TimeControl "180+1"]
[Date "2022.11.16"]
[WhiteClock "0:00:17"]
[BlackClock "0:00:15"]

1. d4 Nf6 2. c4 g6 3. Nc3 Bg7 4. e4 d6 5. Be2 O-O 6. Nf3 e5 7. O-O Nbd7 8. h3 c6 9. Be3 Nh5 10. Qd2 Qe7 11. Rfe1 f5 12. exf5 gxf5 13. Bg5 Bf6 14. Bxf6 Qxf6 15. dxe5 dxe5 16. Rad1 Nf4 17. Bf1 Qg7 18. Kh1 Ne6 19. Qd6 Nd4 20. Nxe5 Nxe5 21. Rxe5 c5 22. Re7 Qg5 23. Qd5+ Kh8 24. Qe5+ Kg8 25. Qd5+ Kh8 26. Qxc5 Ne6 27. Qe5+ Ng7 28. f4 Qg6 29. Rd6 Qg3 30. Ne2 1-0


[Site "https://www.chess.com"]

[Event "Titled Tuesday Blitz November 15 Early 2022"]
[White "Zhigalko, Sergei"]
[Black "Melian, Juan Sebastian"]
[WhiteFideId "13502956"]
[BlackFideId "3706575"]
[WhiteElo "2662"]
[BlackElo "2044"]
[Result "1-0"]
[Round "07"]
[TimeControl "180+1"]
[Date "2022.11.16"]
[WhiteClock "0:00:02"]
[BlackClock "0:00:02"]

1. e4 c6 2. d4 d5 3. e5 c5 4. Nf3 Nc6 5. dxc5 e6 6. a3 Bxc5 7. b4 Bb6 8. Bb2 Nge7 9. Bd3 Ng6 10. O-O O-O 11. Re1 Bd7 12. Nbd2 Bc7 13. c4 dxc4 14. Nxc4 Qe7 15. Rc1 Rad8 16. b5 Na5 17. Bc3 Nxc4 18. Bb4 Qe8 19. Bxc4 Bxb5 20. Qe2 Bxc4 21. Qxc4 Bb6 22. Bxf8 Qxf8 23. Qb4 Qe8 24. Red1 h6 25. g3 Rxd1+ 26. Rxd1 Qc6 27. Qb3 Qe4 28. Re1 Qc6 29. Kg2 Bc5 30. a4 b6 31. Re2 Ne7 32. Qb5 Qc8 33. Nd2 Nd5 34. Ne4 Qb8 35. h4 Qa8 36. Qc4 Bf8 37. Kh2 Qe8 38. Nd6 Qd7 39. Ne4 Qb7 40. Rd2 a6 41. Nd6 Qd7 42. Qxa6 Bxd6 43. exd6 Qxd6 44. Qc8+ Kh7 45. Qc2+ g6 46. Qe4 Kg7 47. Qd4+ Kh7 48. Rc2 Qa3 49. Rc8 f6 50. Rb8 g5 51. Qe4+ Kg7 52. Qxe6 Ne7 53. Rb7 1-0


[Site "https://www.chess.com"]

[Event "Titled Tuesday Blitz November 15 Early 2022"]
[White "Aaditya Dhingra"]
[Black "Maksimovic, Bojan"]
[WhiteFideId "25678191"]
[BlackFideId "14408120"]
[WhiteElo "2054"]
[BlackElo "2447"]
[Result "0-1"]
[Round "08"]
[TimeControl "180+1"]
[Date "2022.11.16"]
[WhiteClock "0:00:27"]
[BlackClock "0:00:20"]

1. Nf3 Nf6 2. g3 b5 3. Bg2 Bb7 4. O-O e6 5. d3 Be7 6. Nbd2 O-O 7. e4 d6 8. Re1 Nbd7 9. h4 c5 10. Nf1 Qc7 11. a4 a6 12. N3h2 Bc6 13. a5 Rfe8 14. h5 Bf8 15. h6 g6 16. Ng4 Nxg4 17. Qxg4 e5 18. Qh4 Be7 19. Qh2 Nf8 20. Ne3 Ne6 21. Nd5 Bxd5 22. exd5 Nd4 23. c3 Nc2 24. Bd2 Nxa1 25. Rxa1 f5 26. g4 f4 27. Be4 Rf8 28. f3 Bg5 29. Kg2 Rab8 30. b3 Rf7 31. Kf1 Qd8 32. Ke2 Qf8 33. Rh1 Rc7 34. Kd1 c4 35. dxc4 bxc4 36. b4 Qe8 37. Ke2 Qa4 38. Rb1 Qa2 39. Qh1 Rcb7 40. Ra1 Qb2 41. Rb1 Qa2 42. Ra1 Qb3 43. Rb1 Qa4 44. Ra1 Qd7 45. Qh3 Rc8 46. Be1 Qd8 47. Bf2 Qf8 48. Rh1 Qe8 49. Ra1 Rb5 50. Qh2 Qf8 51. Rh1 Qf7 52. Rd1 Qb7 53. Rd2 Qd7 54. Kf1 Rb7 55. Kg2 Qd8 56. Rd1 Qf8 57. Rh1 Rb5 58. Kf1 Qf7 59. Kg2 Rxd5 60. Bxd5 Qxd5 61. Re1 Qc6 62. Qh1 Re8 63. Bb6 d5 64. Rd1 e4 65. Kh3 e3 66. Qe1 d4 0-1


[Site "https://www.chess.com"]

[Event "Titled Tuesday Blitz November 15 Early 2022"]
[White "Abdusattorov, Nodirbek"]
[Black "Yu, Yangyi"]
[WhiteFideId "14204118"]
[BlackFideId "8603820"]
[WhiteElo "2665"]
[BlackElo "2808"]
[Result "0-1"]
[Round "08"]
[TimeControl "180+1"]
[Date "2022.11.15"]
[WhiteClock "0:00:21"]
[BlackClock "0:00:08"]

1. a3 Nf6 2. Nf3 d5 3. d4 e6 4. c4 Nbd7 5. e3 b6 6. Nc3 Bb7 7. b3 c5 8. Bb2 cxd4 9. exd4 Bd6 10. Be2 Rc8 11. O-O O-O 12. Rc1 dxc4 13. Bxc4 Bf4 14. Rc2 Ne4 15. Ne2 Bb8 16. Qd3 Nd6 17. Rfc1 b5 18. Bxe6 Rxc2 19. Qxc2 fxe6 20. Ne5 Nxe5 21. dxe5 Nf5 22. Ng3 Qd5 23. f3 Nxg3 24. hxg3 Rc8 25. Qb1 Bxe5 26. Re1 Bd4+ 27. Bxd4 Qxd4+ 28. Kh2 Rc5 29. g4 Bxf3 30. Rxe6 Qf4+ 31. g3 Qd2+ 32. Kh3 Qg2+ 0-1


[Site "https://www.chess.com"]

[Event "Titled Tuesday Blitz November 15 Early 2022"]
[White "Abhishek, Das"]
[Black "Calcada, Lucas Galvan"]
[WhiteFideId "5013348"]
[BlackFideId "22746099"]
[WhiteElo "2230"]
[BlackElo "1523"]
[Result "1-0"]
[Round "08"]
[TimeControl "180+1"]
[Date "2022.11.16"]
[WhiteClock "0:01:15"]
[BlackClock "0:00:38"]

1. e4 c5 2. Nc3 Nc6 3. Bb5 Nd4 4. Bc4 g6 5. Nf3 Bg7 6. Nxd4 cxd4 7. Qf3 e6 8. Nb5 d6 9. Qa3 Bf8 10. Nxd4 a6 11. Qf3 b5 12. Bb3 Qb6 13. Ne2 Bb7 14. d4 f5 15. d5 Nf6 16. exf5 exf5 17. Be3 Qa5+ 18. c3 Bg7 19. O-O O-O 20. Nf4 Rae8 21. Bd4 Qc7 22. Rfe1 g5 23. Ne6 Rxe6 24. Rxe6 Ne4 25. Bxg7 Qxg7 26. Re1 g4 27. Qf4 Ng5 28. Re7 Rf7 29. Re8+ Rf8 30. R1e7 Rxe8 31. Rxg7+ Kxg7 32. Qxg5+ Kf7 33. Qxf5+ Kg7 34. Qxg4+ Kh8 35. h4 1-0


[Site "https://www.chess.com"]

[Event "Titled Tuesday Blitz November 15 Early 2022"]
[White "Adel, Sara"]
[Black "Osiecki, Stanislaw"]
[WhiteFideId "10616764"]
[BlackFideId "1102990"]
[WhiteElo "1994"]
[BlackElo "2088"]
[Result "0-1"]
[Round "08"]
[TimeControl "180+1"]
[Date "2022.11.16"]
[WhiteClock "0:00:03"]
[BlackClock "0:00:09"]

1. e4 e6 2. d4 d5 3. Nd2 c5 4. exd5 exd5 5. Bb5+ Bd7 6. Qe2+ Be7 7. Ngf3 Nf6 8. dxc5 O-O 9. Bxd7 Nbxd7 10. O-O Re8 11. Nb3 Nxc5 12. Nxc5 Bxc5 13. Qd3 Qb6 14. Bg5 Ne4 15. Bh4 Qxb2 16. Rab1 Qxa2 17. Rxb7 Rab8 18. Qb5 Bb6 19. Ne5 d4 20. Qd7 Rf8 21. Be7 Rfe8 22. Bb4 Qe6 23. Qxe6 fxe6 24. Rxb8 Rxb8 25. Re1 Nf6 26. Nc6 Re8 27. g3 Kf7 28. Ra1 Nd5 29. Ne5+ Kf6 30. Bd6 Rd8 31. Ng4+ Kg5 32. h4+ Kxg4 33. Be5 Nf6 34. Re1 Rd5 35. Bxf6 gxf6 36. Rxe6 Kf5 37. Re7 h5 38. Kg2 Re5 39. Rh7 Ke4 40. f4 Rf5 41. Rg7 Ra5 42. Re7+ Kd5 43. f5 Kc4 44. g4 hxg4 45. h5 Ra2 46. h6 Rxc2+ 47. Kg3 Rc1 48. h7 Rh1 49. Kxg4 d3 0-1


[Site "https://www.chess.com"]

[Event "Titled Tuesday Blitz November 15 Early 2022"]
[White "Adithya A Chullikkad"]
[Black "Smietanska, Wiktoria"]
[WhiteFideId "45078734"]
[BlackFideId "21869359"]
[WhiteElo "2106"]
[BlackElo "1695"]
[Result "1-0"]
[Round "08"]
[TimeControl "180+1"]
[Date "2022.11.16"]
[WhiteClock "0:01:29"]
[BlackClock "0:00:02"]

1. d4 Nf6 2. Bf4 d5 3. e3 c5 4. c3 Nc6 5. h3 Qb6 6. Qb3 c4 7. Qc2 Bf5 8. Qc1 e6 9. g4 Bg6 10. f3 Nd7 11. h4 h5 12. g5 e5 13. Bxe5 Ndxe5 14. dxe5 Nxe5 15. f4 Nd3+ 16. Bxd3 Bxd3 17. Nf3 Bc5 18. Nd4 O-O 19. Nd2 Rfe8 20. N2f3 Be4 21. Kf2 Re7 22. Re1 Rae8 23. a4 Qc7 24. Qd1 Qd7 25. Ng1 g6 26. Qe2 Bd3 27. Qf3 Bxd4 28. cxd4 Be4 29. Qg3 Qc7 30. Ne2 Qb6 31. Ra2 Qb3 32. Nc3 a6 33. Re2 Rd7 34. Ra3 Qb4 35. a5 Bd3 36. Rd2 Qd6 37. Ra1 Rde7 38. Re1 Be4 39. Rde2 Qb4 40. Ra1 Bd3 41. Nxd5 Qd6 42. Nxe7+ Qxe7 43. Rd2 Qb4 44. Ke1 c3 45. bxc3 Qxc3 46. Rd1 Bc2 47. Ke2 Bxd1+ 48. Rxd1 Qxa5 49. Qf3 Qb5+ 50. Kf2 Re7 51. d5 Qd7 52. d6 Re6 53. Qd5 Kg7 54. Qc5 b5 55. Qc3+ Kg8 56. Qc7 Qxc7 57. dxc7 Rc6 58. Rd8+ Kg7 59. c8=Q Rxc8 60. Rxc8 1-0


[Site "https://www.chess.com"]

[Event "Titled Tuesday Blitz November 15 Early 2022"]
[White "Aggelis, Nikolaos"]
[Black "Petrovic, Aleksa"]
[WhiteFideId "4213220"]
[BlackFideId "967629"]
[WhiteElo "2189"]
[BlackElo "2224"]
[Result "1-0"]
[Round "08"]
[TimeControl "180+1"]
[Date "2022.11.16"]
[WhiteClock "0:01:11"]
[BlackClock "0:01:09"]

1. d4 Nf6 2. Nf3 e6 3. g3 c5 4. Bg2 Qb6 5. O-O Nc6 6. dxc5 Bxc5 7. c4 a6 8. Nc3 Be7 9. b3 O-O 10. Bb2 d6 11. Qd2 Rd8 12. Rfd1 Bd7 13. Rac1 Be8 14. h3 Rac8 15. Nh2 Ne5 16. e3 Bc6 17. Bxc6 bxc6 18. Qe2 d5 19. Nxd5 cxd5 20. Bxe5 dxc4 21. Rxd8+ Qxd8 22. Rxc4 Rxc4 23. Qxc4 Qa8 24. Bxf6 Bxf6 25. Ng4 Be7 26. Qc7 Bd8 27. Qd7 Bf6 28. Nxf6+ gxf6 29. Qd4 Kg7 30. h4 Qf3 31. b4 Qe2 32. a4 Qa2 33. a5 Qe2 34. Qd6 Qe1+ 35. Kg2 Qe2 36. Qb6 h5 37. b5 Qd3 38. Qb7 1-0


[Site "https://www.chess.com"]

[Event "Titled Tuesday Blitz November 15 Early 2022"]
[White "Ahn, Hongjin"]
[Black "Tasev, Dejan"]
[WhiteFideId "13201492"]
[BlackFideId "936618"]
[WhiteElo "2182"]
[BlackElo "2256"]
[Result "0-1"]
[Round "08"]
[TimeControl "180+1"]
[Date "2022.11.16"]
[WhiteClock "0:00:05"]
[BlackClock "0:00:23"]

1. b4 Nf6 2. Bb2 g6 3. e3 Bg7 4. Qf3 O-O 5. g4 d5 6. g5 Ne4 7. Bxg7 Kxg7 8. h4 c6 9. d3 Nd6 10. h5 e5 11. Qg3 Nd7 12. Bh3 Qe7 13. Nf3 e4 14. Bxd7 Bxd7 15. hxg6 fxg6 16. Nd4 exd3 17. cxd3 Nf5 18. Nxf5+ Bxf5 19. Qh4 Kg8 20. Kd2 Rf7 21. Nc3 Rd8 22. a3 d4 23. exd4 Qd6 24. Rae1 a5 25. Qg3 Qxd4 26. Qe3 Qxd3+ 27. Qxd3 Rxd3+ 28. Kc2 axb4 29. axb4 Rd8+ 30. Kb3 b5 31. Re3 Rd6 32. Re8+ Kg7 33. Rhe1 Rd4 34. R1e5 Bd3 35. Rc8 Bc4+ 36. Ka3 Rd3 37. Re3 Ra7+ 38. Kb2 Rd2+ 39. Kc1 Rxf2 40. Rxc6 Ra1+ 41. Nb1 Rf1+ 42. Kc2 Ra2+ 43. Kc3 Rxb1 44. Kd4 Rd2+ 45. Kc5 Rd5+ 46. Kb6 Rxg5 47. Rc7+ Kh6 48. Rh3+ Rh5 49. Re3 Rf1 50. Ree7 Rf6+ 51. Kb7 Bd5+ 52. Ka7 Kg5 53. Re5+ Rf5 54. Ree7 Bc4 55. Rc5 Kg4 56. Kb6 Rhg5 57. Re4+ Kf3 58. Re7 h5 59. Rg7 h4 60. Rxf5+ Rxf5 61. Rxg6 h3 62. Rh6 Kg4 63. Rh8 Rh5 64. Rg8+ Kh4 65. Rg1 h2 66. Rh1 Kg3 67. Rxh2 Kxh2 0-1


[Site "https://www.chess.com"]

[Event "Titled Tuesday Blitz November 15 Early 2022"]
[White "Alekseenko, Kirill"]
[Black "Pichot, Alan"]
[WhiteFideId "4135539"]
[BlackFideId "110973"]
[WhiteElo "2682"]
[BlackElo "2560"]
[Result "1-0"]
[Round "08"]
[TimeControl "180+1"]
[Date "2022.11.15"]
[WhiteClock "0:00:49"]
[BlackClock "0:00:11"]

1. e4 e5 2. Nf3 Nc6 3. Bc4 Nf6 4. d3 Bc5 5. Nc3 h6 6. h3 d6 7. a4 a6 8. Be3 O-O 9. O-O Bxe3 10. fxe3 Be6 11. Nd2 Nd7 12. Qe2 Nb4 13. Bb3 Bxb3 14. Nxb3 c6 15. Rf3 a5 16. Raf1 d5 17. Rg3 g6 18. Qh5 Kg7 19. exd5 cxd5 20. Nb5 Ra6 21. Qe2 Rf6 22. c3 Nc6 23. Rgf3 Rxf3 24. Qxf3 Nf6 25. e4 dxe4 26. dxe4 Nh5 27. Rd1 Qe7 28. Kh2 Nf4 29. Nd6 Rd8 30. Nc4 Rxd1 31. Qxd1 Qe6 32. Nbxa5 Nxa5 33. Nxa5 Qb6 34. Nc4 Qc5 35. b3 h5 36. Qe1 b5 37. Qe3 Qxe3 38. Nxe3 bxa4 39. bxa4 Nd3 40. a5 Nc5 41. Nd5 Kf8 42. Nb4 Ke8 43. a6 Nd7 44. Nd5 1-0


[Site "https://www.chess.com"]

[Event "Titled Tuesday Blitz November 15 Early 2022"]
[White "Ambartsumova, Karina"]
[Black "Stribuk, Artiom"]
[WhiteFideId "4166299"]
[BlackFideId "13515659"]
[WhiteElo "2319"]
[BlackElo "2371"]
[Result "1-0"]
[Round "08"]
[TimeControl "180+1"]
[Date "2022.11.16"]
[WhiteClock "0:00:12"]
[BlackClock "0:00:03"]

1. Nf3 Nf6 2. d4 g6 3. g3 Bg7 4. Bg2 O-O 5. O-O d5 6. c4 c6 7. b3 Bf5 8. Bb2 Ne4 9. Nbd2 Qa5 10. Nxe4 Bxe4 11. Bh3 Bxf3 12. exf3 e6 13. Qc2 Nd7 14. f4 Qb6 15. Rad1 a5 16. c5 Qc7 17. Rfe1 b5 18. a3 Rfe8 19. Bg2 Qd8 20. h4 h5 21. Bf3 Qf6 22. Kg2 Qf5 23. Qc1 Bh6 24. Qc3 Reb8 25. Qe3 Qf6 26. Qe2 Bg7 27. Rc1 Re8 28. Rh1 Qd8 29. g4 hxg4 30. Bxg4 f5 31. Bf3 Bh6 32. Rcg1 Kh7 33. h5 g5 34. fxg5 Bxg5 35. Kf1 Qf6 36. Qd3 Rg8 37. Rg2 Bh6 38. Rhg1 Rxg2 39. Rxg2 Rg8 40. Rxg8 Kxg8 41. Ke2 Nxc5 42. Qc2 Ne4 43. Qxc6 Bf8 44. Qxb5 Qg5 45. Qd3 Qg1 46. Bxe4 fxe4 47. Qg3+ Qxg3 48. fxg3 Kf7 49. Bc3 Bxa3 50. Bxa5 Kf6 51. Bd8+ Kf5 52. Bc7 Bf8 53. Bf4 Bg7 54. Ke3 Kg4 55. h6 Bh8 56. h7 Kf5 57. Be5 Kg6 58. Bxh8 Kxh7 59. Be5 Kg6 60. b4 Kf5 61. b5 1-0


[Site "https://www.chess.com"]

[Event "Titled Tuesday Blitz November 15 Early 2022"]
[White "Aradhya, Garg"]
[Black "Kamsky, Gata"]
[WhiteFideId "25006746"]
[BlackFideId "2000024"]
[WhiteElo "2223"]
[BlackElo "2666"]
[Result "0-1"]
[Round "08"]
[TimeControl "180+1"]
[Date "2022.11.15"]
[WhiteClock "0:00:56"]
[BlackClock "0:00:21"]

1. d4 d5 2. c4 c6 3. Nc3 Nf6 4. Nf3 a6 5. e3 Bf5 6. Nh4 Bc8 7. Nf3 b5 8. b3 Bg4 9. Be2 Bxf3 10. Bxf3 e6 11. O-O Bb4 12. Bd2 Bxc3 13. Bxc3 O-O 14. Qc2 Nbd7 15. Bb4 Re8 16. cxd5 cxd5 17. Qc6 a5 18. Bd6 b4 19. a3 bxa3 20. Rxa3 Ra7 21. Rfa1 Nb8 22. Qc5 Rb7 23. Bg3 Nbd7 24. Qc6 Qc8 25. Qxc8 Rxc8 26. h4 g6 27. Rxa5 Rxb3 28. Ra8 Rc3 29. Bd6 h5 30. Bb4 Rc2 31. Bc5 Rxa8 32. Rxa8+ Kg7 33. Bd6 Ne4 34. Bxe4 dxe4 35. Rd8 Nb6 36. Be5+ f6 37. Rd6 Nd5 38. Rd7+ Kg8 39. Bd6 Ra2 40. Kh2 Rxf2 41. Rd8+ Kf7 42. Rd7+ Ke8 43. Rg7 Nxe3 44. Rxg6 Kf7 45. Rh6 Ng4+ 46. Kg3 Rxg2+ 47. Kxg2 Nxh6 48. Kf2 Nf5 49. Bc5 Nxh4 50. Ke3 f5 51. Kf4 Nf3 52. d5 exd5 53. Kxf5 h4 54. Kg4 Ke6 55. Kf4 h3 56. Kg3 h2 57. Kg2 Ke5 58. Kh1 d4 59. Bb4 d3 60. Ba5 e3 61. Kg2 Ke4 62. Kh1 d2 63. Bxd2 exd2 64. Kg2 d1=Q 65. Kg3 Qf1 66. Kg4 Qg2+ 67. Kh5 Qg3 68. Kh6 Qg4 69. Kh7 Qg5 70. Kh8 Ne5 71. Kh7 h1=N 72. Kh8 Nf2 73. Kh7 Nfg4 74. Kh8 Kd5 75. Kh7 Ke6 76. Kh8 Kf7 77. Kh7 Nf6+ 78. Kh8 Ng6# 0-1


[Site "https://www.chess.com"]

[Event "Titled Tuesday Blitz November 15 Early 2022"]
[White "Arbunic Castro, Giovanna"]
[Black "Rose, Felix"]
[WhiteFideId "3400549"]
[BlackFideId "5105722"]
[WhiteElo "1898"]
[BlackElo "2039"]
[Result "0-1"]
[Round "08"]
[TimeControl "180+1"]
[Date "2022.11.16"]
[WhiteClock "0:00:18"]
[BlackClock "0:01:39"]

1. e4 e6 2. d4 d5 3. exd5 exd5 4. Nf3 Nc6 5. Bb5 Ne7 6. c4 dxc4 7. Nc3 a6 8. Bxc4 Bg4 9. Be3 Qd7 10. O-O O-O-O 11. Bxf7 Nf5 12. d5 Qxf7 13. Qb3 Bxf3 14. dxc6 Qxb3 15. axb3 Bxc6 16. Ra5 Nxe3 17. fxe3 Bb4 18. Raf5 g6 19. Rf7 Bc5 20. Kh1 Bxe3 21. Na4 Bxa4 22. bxa4 a5 23. Re1 Bd2 24. Ree7 Bf4 25. g3 Rd1+ 26. Kg2 Bd6 27. Rxh7 Rxh7 28. Rxh7 Rd2+ 29. Kh3 Rxb2 30. Rg7 Rb4 31. Rxg6 Rxa4 32. Kg2 Ra2+ 33. Kg1 a4 34. h4 a3 35. h5 Ra1+ 36. Kg2 a2 37. Rg8+ Kd7 38. Ra8 Be5 39. h6 Bd4 40. Ra4 Rg1+ 41. Kh2 a1=Q 42. h7 Rh1+ 0-1


[Site "https://www.chess.com"]

[Event "Titled Tuesday Blitz November 15 Early 2022"]
[White "Atakhan, Abtin"]
[Black "Le, Tuan Minh"]
[WhiteFideId "22502203"]
[BlackFideId "12401153"]
[WhiteElo "2298"]
[BlackElo "2530"]
[Result "1/2-1/2"]
[Round "08"]
[TimeControl "180+1"]
[Date "2022.11.15"]
[WhiteClock "0:01:05"]
[BlackClock "0:00:07"]

1. Nf3 d5 2. d4 Nf6 3. c4 c6 4. Nc3 a6 5. e3 Bf5 6. cxd5 cxd5 7. Qb3 Ra7 8. Ne5 e6 9. Bd2 Nbd7 10. Qa4 Ra8 11. Nxd7 Nxd7 12. Be2 Bd6 13. O-O O-O 14. Rac1 b5 15. Qb3 Nb6 16. Nb1 Qh4 17. g3 Qe7 18. a3 Nc4 19. Bb4 Bxb4 20. Qxb4 Qxb4 21. axb4 Bxb1 22. Bxc4 bxc4 23. Rxb1 Rfb8 24. b3 Rxb4 25. bxc4 Rxc4 26. Rb7 a5 27. Rfb1 Rcc8 28. Rd7 a4 29. Rbb7 Rf8 30. Ra7 Rad8 1/2-1/2


[Site "https://www.chess.com"]

[Event "Titled Tuesday Blitz November 15 Early 2022"]
[White "Aumann, Welf"]
[Black "Winterberg, Lukas"]
[WhiteFideId "4634071"]
[BlackFideId "24622702"]
[WhiteElo "2283"]
[BlackElo "2349"]
[Result "1-0"]
[Round "08"]
[TimeControl "180+1"]
[Date "2022.11.16"]
[WhiteClock "0:00:09"]
[BlackClock "0:00:24"]

1. c4 g6 2. g3 Bg7 3. Bg2 Nf6 4. Nc3 O-O 5. e3 c5 6. Nge2 Nc6 7. a3 Ne5 8. d3 e6 9. O-O d5 10. cxd5 exd5 11. d4 cxd4 12. exd4 Nc6 13. Bg5 Be6 14. Nf4 h6 15. Nxe6 fxe6 16. Be3 Rc8 17. h4 Na5 18. Bh3 Rc6 19. Qd3 Kh7 20. Rae1 Nc4 21. Bc1 Ne4 22. h5 Qf6 23. Nxe4 dxe4 24. Qxe4 e5 25. b3 Nd6 26. Qxe5 Qf7 27. Qe3 Nf5 28. hxg6+ Rxg6 29. Bxf5 Qxf5 30. Qe4 Qxe4 31. Rxe4 Rc6 32. Be3 Rc3 33. b4 Rxa3 34. Re7 b5 35. d5 Rd3 36. Ra1 Ra8 37. Raxa7 Rxa7 38. Bxa7 Rxd5 39. Bc5 Kg6 40. Rb7 Kf5 41. Rxb5 Bd4 42. Ra5 Bc3 43. Kg2 Kg6 44. Ra6+ Kh7 45. Rd6 Re5 46. Rd7+ Kg6 47. Bd4 Bxd4 48. Rxd4 Re2 49. Rd5 Rb2 50. b5 Kf6 51. Rc5 Kg6 52. g4 Rb3 53. f3 Kg7 54. Kg3 Kg6 55. Kf4 Rb4+ 56. Ke5 Rb3 57. f4 Kg7 58. Kf5 Rb4 59. Rc7+ Kg8 60. Rb7 Kh8 61. Kg6 Rxf4 62. Rb8+ Rf8 63. Rxf8# 1-0


[Site "https://www.chess.com"]

[Event "Titled Tuesday Blitz November 15 Early 2022"]
[White "Avazkhonov, Alikhon"]
[Black "Aponte Ramos, Argimiro"]
[WhiteFideId "14208504"]
[BlackFideId "3900568"]
[WhiteElo "1739"]
[BlackElo "2216"]
[Result "1-0"]
[Round "08"]
[TimeControl "180+1"]
[Date "2022.11.16"]
[WhiteClock "0:00:04"]
[BlackClock "0:00:02"]

1. d4 d5 2. c4 c6 3. Nc3 Nf6 4. Nf3 dxc4 5. a4 Bf5 6. Ne5 e6 7. f3 c5 8. e4 Bg6 9. Bxc4 Qxd4 10. Qxd4 cxd4 11. Nb5 Na6 12. Nxd4 Bb4+ 13. Ke2 O-O 14. Bxa6 bxa6 15. Ndc6 a5 16. Nxb4 axb4 17. a5 Rfc8 18. Bd2 Rc2 19. Nd3 Bxe4 20. fxe4 Nxe4 21. Rhd1 Rd8 22. Rac1 b3 23. Rxc2 bxc2 24. Rc1 Rc8 25. Nb4 Rb8 26. Rxc2 g5 27. Nc6 Rb7 28. a6 Rc7 29. Ba5 Rd7 30. Nb8 Re7 31. Rc8+ Kg7 32. Nc6 Rd7 33. Ne5 Rd5 34. Nc4 Nd6 35. Bc3+ Kg6 36. Nxd6 Rxd6 37. Rg8+ Kf5 38. g4+ Kxg4 39. Bf6 Rxa6 40. Rxg5+ Kf4 41. h4 Rb6 42. Be5+ Ke4 43. Bc3 1-0


[Site "https://www.chess.com"]

[Event "Titled Tuesday Blitz November 15 Early 2022"]
[White "Averjanov, Alexey"]
[Black "Galchenko, Matvey"]
[WhiteFideId "14109867"]
[BlackFideId "24175480"]
[WhiteElo "2629"]
[BlackElo "2403"]
[Result "0-1"]
[Round "08"]
[TimeControl "180+1"]
[Date "2022.11.16"]
[WhiteClock "0:01:57"]
[BlackClock "0:02:06"]

1. d4 Nf6 2. c4 c5 3. Nf3 cxd4 4. Nxd4 e5 5. Nb5 d5 6. cxd5 Bc5 7. N5c3 O-O 8. g3 Ng4 9. e3 f5 10. Bg2 f4 11. O-O fxe3 12. fxe3 Rxf1+ 13. Qxf1 Bxe3+ 14. Bxe3 Nxe3 15. Qf3 Nc2 16. Nd2 Nxa1 17. Qd1 Qb6+ 18. Kh1 Qxb2 19. Nde4 Bf5 20. d6 Nc6 21. Qd5+ Kh8 22. Ng5 Rf8 23. Nd1 Qd4 0-1


[Site "https://www.chess.com"]